 Dungeon Crawl Stone Soup version 0.02-191-gb045634 (webtiles) character file.

Game seed: 13061780709407044897, levelgen mode: deterministic

9441 Kalegnar the Thaumaturge (level 11, -6/100 HPs) Bone Draconian Mummy. Began on Oct 24, 2020. Was a Priest of Bahamut & Tiamat. Killed by divine providence ... invoked by a meliai (10 damage) ... on level 1 of the Lair of Beasts on Oct 28, 2020. The game lasted 00:58:59 (8040 turns).

Kalegnar the Thaumaturge (Bone Draconian Mummy)     Turns: 8040, Time: 00:58:59

Health: -6/100     AC: 16    Str: 17    XL:     11 ^: 8360
Magic:  19/27      EV: 28    Int: 19    God:    Bahamut & Tiamat [3* [83]]
Gold:   318        SH:  0    Dex: 11    Spells: 23/34 levels left

rFire    x . .     Vision   .     - Unarmed
rCold    + + .     Gourm    .     - Unarmed
rNeg     + + +     Faith    .   (armour unavailable)
rPois    ∞         Spirit   .   (helmet restricted)
rElec    .         Reflect  .   (no cloak)
rCorr    .         Harm     .   (no gloves)
MR       .....                  (no boots)
Stlth    ++........             e - amulet of the acrobat
HPRegen  0.43/turn              p - ring of ice
MPRegen  0.37/turn              q - ring of strength

@: acrobat, skeletal uprising
A: no body armour, unfitting armour, cold resistance 1, negative energy
resistance 3, torment resistance, unbreathing, in touch with death 1, boosted
unarmed combat aptitude, charms and earth enhancers 1, AC+++, rShatter-, AC +16
a: Breathe Bone Shards, End Uprising, Enhanced Breath, Renounce Religion


You were on level 1 of the Lair of Beasts.
You worshipped Bahamut & Tiamat.
Bahamut & Tiamat was most pleased with you.
You were not hungry.

You visited 3 branches of the dungeon, and saw 7 of its levels.

You collected 318 gold pieces.

Inventory:

Jewellery
 b - an uncursed amulet of guardian spirit
 e - an amulet of the acrobat (around neck)
 k - a cursed ring of magical power {(Curse: Slay-4)}
 p - a ring of ice (left hand)
 q - a ring of strength (right hand)
Wands
 c - a wand of iceblast (9)
 l - a wand of polymorph (2)
 m - a wand of flame (3)
Scrolls
 a - a scroll of fear
 d - 2 scrolls of fog
 f - 6 scrolls of teleportation
 g - a scroll of blinking
 h - 3 scrolls of magic mapping
 i - 4 scrolls of enchantment
 j - 2 scrolls of amnesia
 n - a scroll of bless item
 o - 2 scrolls of acquirement


   Skills:
 - Level 10.2 Fighting
 - Level 3.0 Dodging
 - Level 1.3 Stealth
 + Level 5.6 Unarmed Combat
 - Level 12.2 Spellcasting
 - Level 2.0 Charms
 + Level 9.9 Necromancy
 + Level 5.0 Invocations


You had 23 spell levels left.
You knew the following spells:

 Your Spells              Type           Power        Failure   Level  Hunger
a - Pain                  Hex/Necr       25 (25)      1%          1    N/A
b - Vampiric Draining     Necr           65 (200)     1%          3    N/A
c - Pryten's Skeletal Up  Chrm/Necr      67 (200)     1%          3    N/A
d - Animate Dead          Necr           N/A          1%          4    N/A

Your spell library contained the following spells:

 Spells                   Type           Power        Failure   Level  Hunger
 Regeneration             Chrm/Necr      Unusable     N/A         3    N/A

Dungeon Overview and Level Annotations

Branches:
Dungeon (5/8)              Temple (1/1) D:4            Lair (1/6) D:5

Altars:
Ashenzari Bahamut & Tiamat
Cheibriados
Dithmenos
Elyvilon
Fedhas Madash
Gozag Ym Sagoz
Hepliaklqana
Kikubaaqudgha
Makhleb
Nemelex Xobeh
Okawaru
Qazlal
Ru
Sif Muna
Trog
Uskayaw
Vehumet
Wu Jian
Xom
Yredelemnul
Zin
The Shining One


Innate Abilities, Weirdness & Mutations

You cannot fit into any form of body armour.
Your scales are hard. (AC +16)
Your connection to dragons allows you to use the spell dragon form, despite your undead form not otherwise being capable of transmutation.
You can breathe shards of bone.
You are immune to poison.
You are cold resistant. (rC+)
You are immune to negative energy. (rN+++)
You are immune to unholy pain and torment.
You can survive without breathing.
You are in touch with the powers of death.
You are naturally skilled at Unarmed Combat (Aptitude +3).
You are in touch with the powers of charms and the earth.
Your tough skeletal form vastly boosts your defenses. (AC+++)
However; you are also weak to shatter and Lee's Rapid Deconstruction.


Message History

* * * LOW HITPOINT WARNING * * *
Casting: Vampiric Draining (safe; 1% risk of failure)
Confirm with . or Enter, or press ? or * to list all spells.
Aiming: Vampiric Draining (safe; 1% risk of failure)
Press: ? - help, Shift-Dir - straight line, f/p - meliai
Aim: a meliai, wielding a +0 hatchet and wearing a +0 robe (moderately wounded (15/24))
You feel a surge of power!
The meliai is severely wounded. (5/24) HP You feel life coursing into your body.
The meliai invokes the aid of its god against you.
Something smites you!
* * * LOW HITPOINT WARNING * * *
The meliai hits you with a +0 hatchet (10)!
* * * LOW HITPOINT WARNING * * *
The meliai stings you but does no damage.
You swap places.
You have got your breath back.
The meliai calls down the wrath of its god upon you.
Something smites you!
You die...

##....##
##...P#
##....#.#
#...##
##....#.##
##...#
#....####
##....#
#.#..##
##....##
..#...#
##....##
...#..#
#.....##
..###...
#...#..#
.# #.##
######@# .
## #Z# ^
#y# #y#


y..yy.yy# ...yy.### ###### You could see 2 meliai, 2 killer bees and a friendly
killer bee zombie.

Vanquished Creatures
  Harold (Lair:1)
  Fannar (Lair:1)
  A two-headed ogre (D:4)
  A boulder beetle zombie (Lair:1)
  2 trolls
  Maggie (Lair:1)
  2 hippogriffs (D:5)
  A necrophage (D:5)
  A water moccasin (D:2)
  3 orc warriors
  3 ice beasts
  A scorpion (D:4)
  A black bear (D:5)
  A sky beast (D:4)
  A chaos butterfly zombie (Lair:1)
  2 ogres
  2 wolves (Lair:1)
  3 crocodiles (Lair:1)
  6 bullfrogs
  8 big kobolds (D:2)
  Blork the orc (D:2)
  A gnoll sergeant (D:5)
  A centaur (D:5)
  A howler monkey (D:4)
  24 killer bees
  A quasit (D:5)
  2 hounds (D:5)
  A crimson imp (D:4)
  7 orc priests
  8 jellies
  4 worker ants
  3 iguanas (D:3)
  An orc wizard (D:5)
  2 water moccasin zombies (Lair:1)
  A wyvern zombie (D:4)
  A water moccasin skeleton (D:3)
  7 giant cockroaches
  3 bullfrog skeletons (D:4)
  4 bullfrog zombies
  A shadow imp (D:4)
  7 adders
  18 sewer rats
  8 cinder newts
  7 worms
  A hound skeleton (D:4)
  2 oozes
  2 dart slugs (D:1)
  5 leopard geckos
  18 orcs
  An adder skeleton (D:2)
  A cinder newt skeleton (D:2)
  4 goblins (D:1)
  3 hobgoblins
  3 jackals (D:2)
  2 quokkas
  3 ball pythons (D:2)
  9 bats
  A bat skeleton (D:2)
  A jackal skeleton (D:3)
  27 kobolds
  3 rats (D:1)
  A slimehead (D:2)
  6 withered plants (D:2)
249 creatures vanquished.

Vanquished Creatures (collateral kills)
  A slime creature (D:2)
  An orc warrior (D:5)
  2 phantoms (D:4)
  A scorpion (D:3)
  A sky beast (D:5)
  A wolf (Lair:1)
  A bullfrog (D:5)
  A big kobold (D:2)
  A killer bee (Lair:1)
  A crimson imp (D:4)
  3 hounds (D:4)
  A jelly (D:2)
  2 orc wizards
  2 worker ants (D:4)
  A bullfrog skeleton (D:3)
  An adder (D:2)
  5 gnolls (D:5)
  5 sewer rats
  A white imp (D:4)
  A worm (D:2)
  A cinder newt (D:2)
  A hound skeleton (D:5)
  A dart slug (D:3)
  2 orcs
  A quokka (D:4)
  9 kobolds (D:2)
48 creatures vanquished.

Vanquished Creatures (others)
  A jelly (D:2)
  2 giant cockroaches (D:2)
  3 sewer rats (D:2)
  A worm (D:2)
  An adder skeleton (D:2)
  A ball python (D:2)
  2 bats (D:2)
  2 bat skeletons (D:2)
  7 kobolds (D:2)
  A rat (D:2)
  A giant blowfly (D:2)
  A plant (Lair:1)
  A slimehead (D:2)
  148 withered plants (D:2)
172 creatures vanquished.

Grand Total: 469 creatures vanquished

Notes
Turn   | Place    | Note
-------+----------+-------------------------------------------
     0 | D:1      | Kalegnar the Draconian Mummy began the quest for the Orb.
     0 | D:1      | Reached XP level 1. HP: 14/14 MP: 4/4
   119 | D:1      | Reached skill level 3 in Spellcasting
   179 | D:1      | Reached skill level 1 in Fighting
   179 | D:1      | Reached XP level 2. HP: 23/23 MP: 6/6
   184 | D:1      | Reached XP level 3. HP: 16/29 MP: 1/8
   266 | D:1      | Learned a level 3 spell: Vampiric Draining
   270 | D:1      | Learned a level 3 spell: Pryten's Skeletal Uprising
   364 | D:1      | Reached skill level 4 in Spellcasting
   536 | D:1      | Reached XP level 4. HP: 34/37 MP: 10/10
   756 | D:1      | Reached XP level 5. HP: 45/45 MP: 10/12
   812 | D:1      | Reached skill level 5 in Spellcasting
   891 | D:2      | Noticed a water moccasin
   917 | D:2      | Killed a water moccasin
   917 | D:2      | Reached XP level 6. HP: 31/52 MP: 6/14
  1033 | D:2      | Reached skill level 6 in Spellcasting
  1078 | D:2      | Learned a level 4 spell: Animate Dead
  1504 | D:2      | Reached XP level 7. HP: 39/60 MP: 15/17
  1504 | D:2      | Gained mutation: Your tough skeletal form vastly boosts
                  | your defenses. (AC+++)
                  | However; you are also weak to shatter and Lee's Rapid
                  | Deconstruction. [Bone Draconian growth]
  1504 | D:2      | Gained mutation: You are in touch with the powers of charms
                  | and the earth. [Bone Draconian growth]
  1524 | D:2      | Reached skill level 5 in Fighting
  1599 | D:2      | Reached skill level 1 in Charms
  1599 | D:2      | Reached skill level 5 in Necromancy
  1666 | D:2      | Reached skill level 7 in Spellcasting
  1676 | D:2      | Upgraded the game from 0.02-189-gbfa5a80 to
                  | 0.02-191-gb045634
  2356 | D:2      | Reached XP level 8. HP: 56/70 MP: 15/19
  2391 | D:2      | Noticed Blork the orc
  2400 | D:2      | Reached skill level 8 in Spellcasting
  2410 | D:2      | Killed Blork the orc
  3329 | D:2      | Found a white marble altar of Elyvilon.
  3528 | D:3      | Reached skill level 9 in Spellcasting
  4611 | D:4      | Reached XP level 9. HP: 81/81 MP: 20/22
  4628 | D:4      | Reached skill level 10 in Spellcasting
  4944 | D:4      | Found a staircase to the Ecumenical Temple.
  4953 | Temple   | Entered the Ecumenical Temple
  4962 | Temple   | Became a worshipper of Bahamut & Tiamat
  5265 | D:4      | Reached skill level 11 in Spellcasting
  5324 | D:4      | Noticed a two-headed ogre
  5333 | D:4      | Killed a two-headed ogre
  5333 | D:4      | Reached skill level 1 in Invocations
  5478 | D:4      | Noticed an angel
  5479 | D:4      | Found a glowing silver altar of Zin.
  5582 | D:4      | Found a white marble altar of Elyvilon.
  5623 | D:5      | Entered Level 5 of the Dungeon
  5623 | D:5      | Noticed a troll
  5684 | D:5      | Gained mutation: You are naturally skilled at Unarmed
                  | Combat (Aptitude +3). [draconic bloodline]
  5684 | D:5      | Reached XP level 10. HP: 81/91 MP: 21/25
  5696 | D:5      | Reached * piety under Bahamut & Tiamat
  5968 | D:5      | Identified a scroll of acquirement
  6078 | D:5      | Reached ** piety under Bahamut & Tiamat
  6078 | D:5      | Reached skill level 10 in Fighting
  6153 | D:5      | Reached skill level 12 in Spellcasting
  6180 | D:5      | Identified the cursed +1 pair of boots of Dramatic Exits
                  | {Str+4 Int-3, (Curse: *Drain)}
  6378 | D:5      | Found a staircase to the Lair.
  6784 | Lair:1   | Entered Level 1 of the Lair of Beasts
  7401 | Lair:1   | Noticed Maggie
  7427 | Lair:1   | Killed Maggie
  7533 | Lair:1   | Noticed Fannar
  7548 | Lair:1   | Identified the cursed amulet of Kikubaaqudgha's Favour
                  | {-Vis Str+3, (Curse: Fragile)}
  7548 | Lair:1   | Noticed Harold
  7595 | Lair:1   | Killed Harold
  7595 | Lair:1   | Reached skill level 5 in Unarmed Combat
  7595 | Lair:1   | Reached XP level 11. HP: 50/100 MP: 11/27
  7770 | Lair:1   | Killed Fannar
  7976 | Lair:1   | Reached *** piety under Bahamut & Tiamat
  7984 | Lair:1   | Reached skill level 5 in Invocations
  8039 | Lair:1   | HP: 4/100 [meliai/+0 hatchet (10)]
  8040 | Lair:1   | Killed from afar by a meliai

Levels and vault maps discovered:
D:1:      ebering_hopf_link, layout_basic
D:2:      layout_sewer, elyvilon_niche, first_ration, corexii_checkpoint_a,
          uniq_blork_the_orc
D:3:      layout_loops_corners
D:4:      layout_irregular_city, kennysheep_mini, zin_angel,
          minmay_temple_entry_wispy, bcadren_nooodl_food_pyramid
D:5:      layout_basic, lair_entry_dummy
Temple:   nicolae_temple_the_god_donut
Lair:1:   layout_concentric_octagons, special_room [special_room_bee],
          enter_ossuary_1, minmay_ossuary_scorpions_large_arena, uniq_maggie,
          uniq_fannar, uniq_harold

Skill      XL: |  1  2  3  4  5  6  7  8  9 10 11 |
---------------+----------------------------------+-----
Spellcasting   | 3 4 5 6 7 9 11 12 | 12.2
Fighting       | 1 2 3 4 6 7 9 10 | 10.2
Necromancy     | 3 4 5 7 8 9 |  9.9
Charms         | 2 |  2.0
Invocations    | 1 4 5 |  5.0
Unarmed Combat | 2 5 |  5.6
Dodging        | 3 |  3.0
Stealth        | |  1.3

Action                   |  1- 3 |  4- 6 |  7- 9 | 10-12 || total
-------------------------+-------+-------+-------+-------++-------
Melee: Unarmed           |   131 |   425 |  1448 |   710 ||  2714
       Tailslap          |     8 |    19 |   109 |    55 ||   191
 Cast: Pain              |    11 |    22 |   116 |    90 ||   239
       Pryten's Skeletal |     1 |       |       |       ||     1
       Vampiric Draining |       |    12 |    28 |    31 ||    71
       Animate Dead      |       |       |     2 |     4 ||     6
Invok: Choose Bahamut's  |       |       |     1 |       ||     1
       Choose Bahamut's  |       |       |       |     1 ||     1
       Enhanced Breath   |       |       |       |     1 ||     1
 Abil: Breathe Dart      |       |     4 |       |       ||     4
       Breathe Bone Shar |       |       |    11 |    21 ||    32
 Stab: Sleeping          |     1 |     3 |     6 |     1 ||    11
Armor: Skin              |    12 |    54 |   184 |   148 ||   398
Dodge: Dodged            |    29 |   166 |   297 |   208 ||   700
